 Dungeon Crawl Stone Soup version 0.17.1-2-g5865329 (webtiles) character file.

27626 inmateoo the Cleaver (level 13, -3/129 HPs)
             Began as a Deep Dwarf Enchanter on Feb 16, 2016.
             Was the Champion of Makhleb.
             Slain by a nine-headed hydra (9 damage)
             ... on level 2 of the Lair of Beasts.
             The game lasted 00:49:50 (13324 turns).

inmateoo the Cleaver (Deep Dwarf Enchanter)        Turns: 13324, Time: 00:49:51

Health: -3/129     AC: 17    Str: 18    XL:     13   Next: 5%
Magic:  3/3        EV:  8    Int: 17    God:    Makhleb [******]
Gold:   846        SH:  0    Dex: 13    Spells: 3 memorised, 11 levels left

rFire  + . .     SeeInvis .     C - +8 Wrath of Trog {antimagic, *Rage}
rCold  + . .     Clarity  .     c - +1 chain mail {rF+}
rNeg   . . .     SustAt   .     (shield currently unavailable)
rPois  +         Gourm    .     n - +1 helmet
rElec  .         Spirit   .     (no cloak)
rCorr  .         Warding  .     (no gloves)
rMut   .         Stasis   +     L - +0 pair of boots (curse)
MR     ++...                    J - amulet of stasis
Stlth  ..........               z - ring of protection from magic
                                p - ring of poison resistance

@: very slightly contaminated, non-regenerating, studying Armour, very resistant
to hostile enchantments, extremely unstealthy
A: damage resistance, recharge devices, clever 1, cold resistance 1, sense
surroundings 2, robust 1, slow regeneration 3
a: Device Recharging, Minor Destruction, Lesser Servant of Makhleb, Major
Destruction, Greater Servant of Makhleb, Renounce Religion


You were on level 2 of the Lair of Beasts.
You worshipped Makhleb.
Makhleb was exalted by your worship.
You were not hungry.

You visited 2 branches of the dungeon, and saw 13 of its levels.
You also visited: Labyrinth and Bailey.

You collected 846 gold pieces.

Inventory:

Hand Weapons
 y - a +0 war axe
 C - the +8 Wrath of Trog (weapon) {antimagic, *Rage}
   (You took it off an orc warrior in a bailey)

   It disrupts the flow of magical energy around spellcasters and certain
   magical creatures (including the wielder).
   It may make you go berserk in combat.
Missiles
 h - 12 javelins of returning (quivered)
Armour
 c - a +1 chain mail of fire resistance (worn)
 k - a +0 shield
 n - a +1 helmet (worn)
 L - a cursed +0 pair of boots (worn)
Jewellery
 p - a ring of poison resistance (left hand)
 z - a ring of protection from magic (right hand)
 E - an uncursed amulet of clarity {unknown}
 J - an amulet of stasis (around neck)
Wands
 d - a wand of heal wounds (6)
 w - a wand of disintegration (0)
 G - a wand of random effects (30)
 K - a wand of teleportation (5)
 M - a wand of lightning (0)
 N - a wand of flame (31)
 U - a wand of cold (7)
Scrolls
 f - 10 scrolls of teleportation
 g - 4 scrolls of enchant weapon
 j - 5 scrolls of amnesia
 s - 3 scrolls of remove curse
 v - a scroll of fear
 x - 2 scrolls of enchant armour
 I - 2 scrolls of blinking
 Q - a scroll of fog
Potions
 a - a potion of haste
 i - a potion of lignification {unknown}
 l - a potion of might
 m - a potion of magic
 r - 6 potions of curing
 u - a potion of cancellation {unknown}
 A - a potion of resistance
 B - 3 potions of flight
 H - a potion of agility
 O - 2 potions of heal wounds
Books
 o - a manual of Armour
Comestibles
 b - 4 fruits
 e - 8 bread rations
 q - 5 meat rations
 t - 4 chunks of flesh
 D - a beef jerky
 F - 9 slices of pizza


   Skills:
 + Level 8.7 Fighting
   Level 0.8 Short Blades
 * Level 13.6 Axes
 + Level 11.8 Armour
 - Level 2.1 Dodging
 - Level 3.6 Stealth
 + Level 8.5 Shields
 - Level 2.8 Spellcasting
 - Level 4.0 Hexes
 - Level 1.4 Ice Magic
 + Level 9.8 Invocations
 + Level 4.2 Evocations


You had 11 spell levels left.
You knew the following spells:

 Your Spells              Type           Power        Failure   Level  Hunger
a - Corona                Hex            ###....      30%         1    #......
b - Ensorcelled Hibernat  Hex/Ice        ##....       80%         2    ##.....
c - Confuse               Hex            ###.....     83%         3    ###....


Dungeon Overview and Level Annotations

Branches:
Dungeon (11/15)            Temple (0/1) D:6            Lair (2/8) D:9
    Orc (0/4) D:11

Altars:
Ashenzari
Cheibriados
Dithmenos
Elyvilon
Gozag
Kikubaaqudgha
Makhleb
Okawaru
Trog
Vehumet
Xom
Yredelemnul

Shops:
D:4 :


Innate Abilities, Weirdness & Mutations

You are resistant to damage.
You can recharge devices by infusing magical energy.
You passively map the area around you.
You do not regenerate naturally.
Your mind is acute. (Int +2)
Your flesh is cold resistant.
You are robust (+10% HP).


Message History

The nine-headed hydra barely misses you.
The nine-headed hydra bites you but does no damage.
The nine-headed hydra barely misses you.
The nine-headed hydra bites you.
* * * LOW HITPOINT WARNING * * *
The nine-headed hydra bites you.
* * * LOW HITPOINT WARNING * * *
The nine-headed hydra bites you.
* * * LOW HITPOINT WARNING * * *
The nine-headed hydra bites you!
* * * LOW HITPOINT WARNING * * *
Read which item? (? for menu, Esc to quit)
You cannot teleport because you are wearing an amulet of stasis.
The nine-headed hydra bites you!
* * * LOW HITPOINT WARNING * * *
The nine-headed hydra bites you!
* * * LOW HITPOINT WARNING * * *
The nine-headed hydra bites you but does no damage. x3
The nine-headed hydra bites you!
You die...

##.....####...
##..>..###...
##.....#.... ########
#..........
##......######......#..
#......................
#......................
*
##......................
**
#....[.@................
,**
##....D.................
,,**
#.......................
,,,**
##.......##..###.######.
,,,,**** #......######
*## #.. ,,,,,*,*
#......## ##P *,,,,,**
#.......# ##.. **,,,,,**
#......## #P..
**,,,,,**#......#* #...


You could see a nine-headed hydra.

Vanquished Creatures
  A minotaur (Lab)
  Fannar (D:10)
  Erica (D:8)
  A hill giant (D:10)
  Pikel (D:9)
  A cyclops (D:11)
  Joseph (D:8)
  A centaur zombie (D:10)
  Psyche (D:8)
  The ghost of simpaon the Geomancer, a novice DDEE of Makhleb (D:5)
  3 komodo dragons
  A two-headed ogre (D:7)
  Prince Ribbit (D:5)
  2 trolls (D:9)
  Sigmund (D:6)
  A deep elf mage (D:9)
  A basilisk (Lair:1)
  A human (D:7)
  13 yaks
  2 hippogriffs
  A hungry ghost (D:7)
  2 insubstantial wisps (D:11)
  2 porcupines
  A soldier ant (D:10)
  Duvessa (D:7)
  A black bear (D:7)
  4 ice beasts
  3 water moccasins
  2 wasps
  A phantom (D:4)
  A necrophage (D:10)
  3 sky beasts
  4 slaves (D:9)
  7 ogres
  14 orc warriors
  17 centaurs
  5 crocodiles
  2 big kobolds
  6 giant frogs
  3 scorpions
  Dowan (D:7)
  6 crimson imps
  3 giant frog skeletons
  A giant frog zombie (D:5)
  2 jellies
  10 orc wizards
  3 centaur skeletons
  5 hounds
  9 orc priests
  10 worker ants
  5 iguanas
  3 sheep (D:7)
  4 hound skeletons
  A worker ant zombie (D:7)
  Robin (D:2)
  16 gnolls
  16 adders
  7 river rats (Lair:1)
  4 shadow imps
  An adder skeleton (D:8)
  5 worms
  5 giant geckos
  63 orcs
  10 bats
  2 bat zombies (D:3)
  5 giant cockroaches
  11 hobgoblins
  6 quokkas
  2 ball pythons
  A giant cockroach zombie (D:6)
  A giant gecko skeleton (D:6)
  2 giant newts
  17 goblins
  17 jackals
  A jackal skeleton (D:4)
  A jackal zombie (D:5)
  16 kobolds
  10 rats
  3 rat zombies (D:3)
  A spectral orc (D:5)
403 creatures vanquished.

Vanquished Creatures (collateral kills)
  2 hydras (Lair:1)
  A hill giant (D:10)
  A spiny frog (Lair:1)
  A komodo dragon (D:9)
  A troll (D:10)
  2 iguanas (Lair:1)
  7 river rats (Lair:1)
15 creatures vanquished.

Vanquished Creatures (others)
  A giant frog (D:9)
  2 orcs (D:9)
  4 plants (D:9)
7 creatures vanquished.

Grand Total: 425 creatures vanquished

Notes
Turn   | Place    | Note
--------------------------------------------------------------
     0 | D:1      | inmateoo the Deep Dwarf Enchanter began the quest for the Orb.
     0 | D:1      | Reached XP level 1. HP: 15/15 MP: 3/3
   276 | D:1      | Found a shattered altar of Ashenzari.
   291 | D:1      | Reached XP level 2. HP: 14/22 MP: 3/5
   295 | D:1      | Learned a level 2 spell: Ensorcelled Hibernation
   574 | D:2      | Found a snail-covered altar of Cheibriados.
   598 | D:2      | Found a bloodstained altar of Trog.
   635 | D:2      | Found a shadowy altar of Dithmenos.
   643 | D:2      | Noticed Robin
   683 | D:2      | Found an iron altar of Okawaru.
   790 | D:2      | Found an opulent altar of Gozag.
   808 | D:2      | Reached XP level 3. HP: 28/28 MP: 6/6
   817 | D:2      | Learned a level 3 spell: Confuse
   901 | D:2      | Found a burning altar of Makhleb.
   901 | D:2      | Found a shimmering altar of Xom.
   905 | D:2      | Became a worshipper of Makhleb the Destroyer
  1114 | D:2      | Reached XP level 4. HP: 14/36 MP: 4/7
  1117 | D:2      | Reached * piety under Makhleb
  1310 | D:2      | Found a burning altar of Makhleb.
  1336 | D:2      | Reached skill level 1 in Ice Magic
  1644 | D:3      | Reached XP level 5. HP: 43/43 MP: 3/9
  1755 | D:3      | Reached skill level 4 in Hexes
  1780 | D:3      | Reached skill level 1 in Fighting
  1905 | D:3      | Reached ** piety under Makhleb
  2106 | D:3      | Found an ancient bone altar of Kikubaaqudgha.
  2300 | D:3      | Reached XP level 6. HP: 20/55 MP: 3/9
  2469 | D:3      | Found a white marble altar of Elyvilon.
  2548 | D:5      | Entered Level 5 of the Dungeon
  2681 | D:5      | Noticed simpaon's ghost (novice DDEE)
  2737 | D:5      | Noticed Prince Ribbit
  3082 | D:4      | Reached *** piety under Makhleb
  3248 | D:4      | Found Urrauc's Book Boutique.
  3308 | D:4      | Reached skill level 1 in Invocations
  3308 | D:4      | Reached XP level 7. HP: 19/66 MP: 10/10
  3330 | D:4      | Reached skill level 1 in Axes
  3917 | D:5      | Reached skill level 5 in Axes
  3985 | D:5      | Reached XP level 8. HP: 38/73 MP: 10/10
  4023 | D:5      | Reached **** piety under Makhleb
  4098 | D:6      | Reached skill level 6 in Axes
  4340 | D:6      | Reached skill level 1 in Armour
  4356 | D:6      | Reached skill level 7 in Axes
  4375 | D:6      | Found a shimmering altar of Xom.
  4433 | D:6      | Reached skill level 1 in Shields
  4665 | D:6      | Found a staircase to the Ecumenical Temple.
  4666 | D:6      | Noticed Sigmund
  4719 | D:6      | Killed Sigmund
  4849 | D:6      | Reached skill level 5 in Fighting
  4972 | D:7      | Found a flagged portal.
  4990 | Bailey   | Entered a bailey
  5067 | Bailey   | Reached skill level 8 in Axes
  5067 | Bailey   | Gained mutation: You passively map the area around you. [Deep Dwarf growth]
  5067 | Bailey   | Reached XP level 9. HP: 47/81 MP: 2/9
  5117 | Bailey   | Reached ***** piety under Makhleb
  6668 | Bailey   | Reached skill level 9 in Axes
  7890 | D:7      | Noticed Duvessa
  7890 | D:7      | Noticed Dowan
  7895 | D:7      | Killed Dowan
  7895 | D:7      | Reached skill level 5 in Armour
  7901 | D:7      | Killed Duvessa
  7901 | D:7      | Reached XP level 10. HP: 91/91 MP: 1/5
  8082 | D:7      | Reached skill level 10 in Axes
  8189 | D:7      | Noticed a two-headed ogre
  8195 | D:7      | Killed a two-headed ogre
  8195 | D:7      | Reached skill level 5 in Shields
  8308 | D:5      | Killed simpaon's ghost
  8308 | D:5      | Reached skill level 5 in Invocations
  8311 | D:5      | Killed Prince Ribbit
  8413 | D:5      | Found a basalt altar of Yredelemnul.
  8905 | D:2      | Killed Robin
  9176 | D:8      | Noticed Erica
  9185 | D:8      | Killed Erica
  9245 | D:8      | Reached ****** piety under Makhleb
  9416 | D:8      | Reached skill level 11 in Axes
  9483 | D:8      | Noticed Joseph
  9493 | D:8      | Killed Joseph
  9603 | D:8      | Noticed Psyche
  9605 | D:8      | Killed Psyche
  9781 | D:8      | Reached XP level 11. HP: 86/100 MP: 2/6
 10045 | D:8      | Found a radiant altar of Vehumet.
 10247 | D:9      | Noticed Pikel
 10257 | D:9      | Killed Pikel
 10418 | D:9      | Reached skill level 12 in Axes
 10418 | D:9      | Reached skill level 10 in Armour
 10418 | D:9      | Reached XP level 12. HP: 61/110 MP: 3/9
 10615 | D:9      | Found a staircase to the Lair.
 11019 | D:10     | Entered Level 10 of the Dungeon
 11112 | D:10     | Reached skill level 1 in Evocations
 11260 | D:10     | Gained mutation: Your flesh is cold resistant. [mutagenic meat]
 11287 | D:10     | Noticed Fannar
 11309 | D:10     | Killed Fannar
 11395 | D:10     | Reached skill level 13 in Axes
 11573 | D:11     | Found a staircase to the Orcish Mines.
 11664 | D:11     | Gained mutation: Your mind is acute. (Int +2) [mutagenic meat]
 11665 | D:11     | Gained mutation: You are robust (+10% HP). [mutagenic meat]
 11823 | Lair:1   | Entered Level 1 of the Lair of Beasts
 11928 | Lair:1   | Noticed a five-headed hydra
 11932 | Lair:1   | Killed a five-headed hydra
 12301 | Lair:1   | Noticed a six-headed hydra
 12306 | Lair:1   | Killed a six-headed hydra
 12636 | Lair:2   | Found a labyrinth entrance.
 12647 | Lab      | Entered a labyrinth
 13061 | Lab      | Noticed a minotaur
 13069 | Lab      | Killed a minotaur
 13069 | Lab      | Reached XP level 13. HP: 105/129 MP: 3/11
 13081 | Lab      | Identified the Tome of Cloudy Aid
 13081 | Lab      | Identified the Papyrus of Burning Arcane Weapons
 13082 | Lab      | Got a bloodstained scale mail
 13096 | Lair:2   | Identified the +1 scale mail "Waq Zowk" {rF+ rCorr Str-4 Slay+2} (You found it in a labyrinth)
 13304 | Lair:2   | Noticed a five-headed hydra
 13324 | Lair:2   | HP: 6/129 [nine-headed hydra (7)]
 13324 | Lair:2   | Slain by a nine-headed hydra

Action                   |  1- 3 |  4- 6 |  7- 9 | 10-12 | 13-15 || total
-------------------------+-------+-------+-------+-------+-------++-------
Melee: Dagger            |   118 |   292 |       |       |       ||   410
       Hand axe          |       |    20 |   276 |       |       ||   296
       War axe           |       |       |   291 |       |       ||   291
       Trident           |       |       |    17 |       |       ||    17
       Battleaxe         |       |       |    31 |   470 |    16 ||   517
       Glaive            |       |       |     6 |       |       ||     6
Throw: Javelin           |       |       |    17 |       |       ||    17
 Cast: Ensorcelled Hiber |    14 |    59 |       |       |       ||    73
       Confuse           |       |     4 |    30 |       |       ||    34
Invok: Greater Servant o |       |       |       |     4 |     1 ||     5
 Abil: Device Recharging |       |     1 |     8 |       |       ||     9
Evoke: Wand              |     2 |     7 |    44 |     3 |     2 ||    58
  Use: Scroll            |       |    10 |     8 |    12 |       ||    30
       Potion            |       |       |     3 |     2 |       ||     5
 Stab: Sleeping          |    14 |    36 |       |       |       ||    50
  Eat: Chunk             |     1 |    13 |    12 |    23 |     3 ||    52
       Fruit             |       |       |     2 |       |       ||     2
       Bread ration      |       |       |     1 |     3 |       ||     4
       Royal jelly       |       |       |     1 |       |       ||     1
       Pizza             |       |       |     1 |       |       ||     1
       Beef jerky        |       |       |       |     2 |       ||     2
